AoeStats
← veysipak

African Clearing

510380063Analyzed
2v2 RM · 1d ago on Sep 30, 2026· 23m 7s· 4 players
Game mode
Random Map
Map size
Medium (4 player)
Population
200
Speed
Normal
Resources
Standard
Victory
Conquest
Starting age
Dark Age
Ending age
Imperial Age
RankedLock teamsTeams togetherTeam positionsShared explorationLock speedFull tech treeHidden civsTurbo modeCheats
Victory
Defeat
🇫🇷 Varangians · France
1088
+17
🇮🇳 Inca · India
1083
+18
🇩🇪 Danes · Germany
1140
-18
🇹🇷 Magyars · Türkiye
1104
-17
xXlinkdu34Xx
5:51 Loom
14:57 Feudal Age
15:25 Double-Bit Axe
15:22 Horse Collar
16:48 Wheelbarrow
18:57 Stone Mining
21:42 Castle Age
20:09 Bloodlines
20:43 Forging
21:25 Scale Barding Armor
22:43 Bow Saw
Tyrion_
5:47 Loom
11:49 Feudal Age
12:56 Champi Runner
14:27 Wheelbarrow
14:21 Double-Bit Axe
17:33 Forging
17:23 Scale Mail Armor
19:21 Scale Mail Armor
19:37 Horse Collar
21:57 Arson
SemperBlender
veysipak
13:31 Feudal Age
16:49 Loom
21:54 Castle Age
21:15 Scale Barding Armor
Connection lost

Rejoining the realm…

Still unreachable

The connection could not be restored.

Session expired

The server has moved on; the page needs a fresh start.